Map: Вечная империя РВ

Players

Botvinnik

  • Race: Terran Terran
  • League: Grandmaster
  • Spawn Location: 1:00

IIIIIIIIIIII - Winner!

  • Race: Protoss Protoss
  • League: Master
  • Spawn Location: 7:00

VOD

https://youtu.be/QEAbUsif0Ro?t=508

Description

Time

  • Played on: April 18, 2020, 6:51 a.m.
  • Length: 5:05
Show
View Real Time Build Order
Export as new Build Order

Botvinnik Terran 

Build Orders: Liberator Opening, Reaper Expand 

Get SALT Encoding   

  12  0:01  SCV  
  13  0:13  SCV  
  14  0:17  Supply Depot  
  14  0:25  SCV  
  15  0:39  SCV  
  15  0:40  Barracks  
  16  0:46  Refinery  
  16  0:51  SCV  
  17  1:03  SCV  
  18  1:15  SCV  
  19  1:28  Reaper, Orbital Command  
  20  1:41  Command Center  
  20  1:52  Supply Depot  
  20  1:54  SCV  
  20  2:00  Marine  
  22  2:06  SCV  
  23  2:09  Factory  
  23  2:18  SCV  
  23  2:21  Refinery  
  23  2:22  Barracks Reactor  
  24  2:30  SCV  
  25  2:42  SCV  
  26  2:54  Hellion, Starport  
  26  2:55  SCV, Orbital Command  
  26  2:58  Marine x2  
  31  3:07  SCV  
  32  3:18  Hellion, Marine x2  
  37  3:20  SCV  
  37  3:21  Supply Depot  
  37  3:24  SCV  
  38  3:32  Bunker, Liberator  
  40  3:37  SCV  
  40  3:39  Marine x2  
  40  3:40  Factory Tech Lab  
  43  3:49  SCV x2  
  45  3:56  Bunker  
  45  3:57  Marine x2  
  45  4:01  Cyclone  
  49  4:14  Marine  
  49  4:15  SCV x2, Marine  
  48  4:27  SCV x2  
  48  4:29  Barracks  
  53  4:43  Bunker  
  48  4:46  Marine x2  
  48  4:47  SCV x2  
Show
View Real Time Build Order
Export as new Build Order

IIIIIIIIIIII Protoss - Winner!

Build Orders: 1 Gate Expand 

Get SALT Encoding   

  12  0:01  Probe  
  13  0:13  Probe  
  14  0:17  Pylon  
  14  0:25  Probe (Chrono Boost)  
  16  0:37  Probe (Chrono Boost), Gateway  
  16  0:42  Probe (Chrono Boost)  
  16  0:46  Assimilator  
  17  0:51  Probe  
  18  1:03  Probe  
  19  1:15  Probe  
  20  1:24  Cybernetics Core  
  20  1:36  Nexus  
  20  1:37  Probe  
  21  1:44  Pylon  
  21  1:49  Probe  
  21  1:51  Assimilator  
  22  1:59  Stalker (Chrono Boost), Warp Gate (Chrono Boost)  
  22  2:01  Probe  
  25  2:19  Probe  
  25  2:21  Stalker  
  28  2:31  Gateway  
  28  2:41  Pylon  
  28  2:42  Gateway  
  28  2:49  Probe x2  
  30  2:59  Gateway  
  30  3:01  Probe  
  30  3:04  Probe  
  32  3:32  Stalker x2  
  36  3:37  Stalker  
  38  3:54  Stalker  
  38  3:55  Stalker x2  
  44  3:57  Probe x2  
  46  4:02  Stalker  
  44  4:20  Stalker x2  
  44  4:22  Stalker  
  50  4:27  Probe x2  
  52  4:31  Stalker  
  48  4:53  Stalker x2  
  48  4:54  Stalker x2  
Tags
 
Add a new tag
Caveats
  • Supply blocks, unpowered buildings, or Contaminate may cause inaccurate times.
  • Supply counts are checked every 10 seconds.